 Dungeon Crawl Stone Soup version 0.21.1-1-g345015f (webtiles) character file.

119 Kairos the Shield-Bearer (level 5, 42/42 HPs)
             Began as a Formicid Fighter on Apr 7, 2018.
             Got out of the dungeon alive.
             The game lasted 00:01:57 (1271 turns).

Kairos the Shield-Bearer (Formicid Fighter)         Turns: 1271, Time: 00:01:58

Health: 42/42      AC:  6    Str: 19 (20) XL:     5   Next: 23%
Magic:  5/5        EV:  8    Int:  5 (8)  God:
Gold:   60         SH:  9    Dex: 10 (11) Spells: 4/4 levels left

rFire    . . .     SeeInvis +   a - +0 war axe
rCold    . . .     Gourm    .   c - +0 shield
rNeg     . . .     Faith    .   b - +0 scale mail
rPois    .         Spirit   .   (helmet unavailable)
rElec    .         Reflect  .   (no cloak)
rCorr    .         Harm     .   (no gloves)
MR       .....                  (no boots)
Stlth    ..........             (no amulet)
HPRegen  0.14/turn              (no ring)
MPRegen  0.09/turn              (no ring)

@: no status effects
A: permanent stasis, dig shafts and tunnels, four strong arms, antennae 3
a: Dig, Shaft Self


You escaped.
You were not hungry.

You visited 1 branch of the dungeon, and saw 2 of its levels.

You collected 60 gold pieces.

Inventory:

Hand Weapons
 a - a +0 war axe (weapon)
Armour
 b - a +0 scale mail (worn)
 c - a +0 shield (worn)
Scrolls
 g - 3 scrolls of blinking
 h - a scroll of identify
Potions
 d - 4 potions of might
 k - 2 potions of curing
Comestibles
 f - 3 rations


   Skills:
 + Level 3.7 Fighting
 + Level 3.8 Axes
 + Level 3.6 Armour
 + Level 0.2 Dodging
 + Level 4.4 Shields


You had 4 spell levels left.
You didn't know any spells.

Dungeon Overview and Level Annotations

Branches:
Dungeon (2/15)

Altars:
Gozag
Ru


Innate Abilities, Weirdness & Mutations

You cannot be hasted, slowed, berserked, paralysed or teleported.
You can dig through walls and to a lower floor.
Your four strong arms can wield two-handed weapons with a shield.
You have a pair of large antennae on your head. (SInv)


Message History

Okay, then.
As you read the scroll labeled MIUFICZEMICH, it crumbles to dust.
Your stasis prevents you from teleporting.
It was a scroll of blinking.
As you read the scroll labeled HOPEZX DUWUO, it crumbles to dust.
You feel a strange sense of stasis.
It was a scroll of teleportation.
As you read the scroll labeled OKHLON QEITTAOC, it crumbles to dust.
It is a scroll of identify.
You don't have any unidentified items.
Unknown command.
There is a stone staircase leading up here.
You climb upwards.
There is a stone staircase leading down here.
You start to feel less resistant.
Your resistance to elements expires.
There is a stone staircase leading down here.
There is an open gate here.
There is a staircase leading out of the dungeon here.
Are you sure you want to leave the Dungeon?
This will make you lose the game!
You have escaped!

)####.#..........# # .#
#.##########.## # .# #.# #..# #
.# #.# ##.# # .# #.# ######.## #
.# #.# #.......### # .# #.#
#.#######.# # .####.# #.#.....#.#
# ....#.# #.#..@..#.# # #...#.#
#.#.....#.# # .#..#.####
#.#.....#.# ## ..#.#....#
#.##'''##.# #########. ...##.##.#
#...รท.....# #.........
#####.##.######..#...###>#######.
...##....................# ##
..#.#######.############## #
.#..# #.# #


There were no monsters in sight!

Vanquished Creatures
  Jessica (D:2)
  Robin (D:2)
  2 adders (D:2)
  An ooze (D:1)
  A worm (D:2)
  3 dart slugs
  3 leopard geckos
  2 giant cockroaches
  8 goblins
  11 hobgoblins
  A ball python (D:1)
  A bat (D:2)
  3 frilled lizards (D:1)
  7 kobolds
  6 rats (D:1)
51 creatures vanquished.

Notes
Turn   | Place    | Note
-------+----------+-------------------------------------------
     0 | D:1      | Kairos the Formicid Fighter began the quest for the Orb.
     0 | D:1      | Reached XP level 1. HP: 18/18 MP: 1/1
   132 | D:1      | Reached XP level 2. HP: 11/24 MP: 2/2
   320 | D:1      | Reached skill level 4 in Shields
   425 | D:1      | Reached XP level 3. HP: 25/29 MP: 3/3
   859 | D:2      | Noticed Robin
   863 | D:2      | Reached XP level 4. HP: 20/35 MP: 4/4
   867 | D:2      | Killed Robin
   966 | D:2      | Found an opulent altar of Gozag.
  1011 | D:2      | Noticed Jessica
  1014 | D:2      | Killed Jessica
  1014 | D:2      | Reached XP level 5. HP: 35/42 MP: 5/5
  1104 | D:2      | Found a sacrificial altar of Ru.
  1271 | D:$      | Got out of the dungeon alive.

Skill      XL: |  1  2  3 |
---------------+----------+-----
Shields        | 4 |  4.4
Axes           | 3 |  3.8
Fighting       | |  3.7
Armour         | |  3.6
Dodging        | |  0.2

Action                   |  1- 3 |  4- 6 || total
-------------------------+-------+-------++-------
Melee: War axe           |    91 |    30 ||   121
  Use: Potion            |     1 |     3 ||     4
       Scroll            |       |     3 ||     3
  Eat: Chunk             |       |     1 ||     1
Armor: Scale mail        |    26 |    17 ||    43
Dodge: Dodged            |    27 |    16 ||    43
Block: Shield            |    62 |    15 ||    77
